General information
			
			
        
        - name: BNet
 
        - type: Ladder 1vs1/FFA
 
        - host: Battle.net
 
        - saver: timg4strOK
 
        
map: MeltingValley 
        - players: 2
 
        - length: 09:00
 
        - speed: Fast
 - version: 1.22 W3XP
 - replay type:  

 
» download(42 KB)
Players
        team 1 (loser) 
              
              
» 
Jazz_Master. (
orange | 182 APM | 1635 actions | 08:59)
              
 2 Archmage 
 1 Summon Water Elemental
 1 Brilliance Aura
 1 Mountain King 
 1 Storm Bolt
 
                » actions 
                
                | Assign group hotkey | 78 |  | 
| Basic commands | 135 |  | 
| Build / train | 66 |  | 
| ESC pressed | 1 |  | 
| Enter build submenu | 16 |  | 
| Enter hero's abilities submenu | 3 |  | 
| Remove unit from queue | 5 |  | 
| Right click | 628 |  | 
| Select / deselect | 218 |  | 
| Select group hotkey | 418 |  | 
| Use ability | 67 |  | 
                1635 total
 » units 
                
                | Peasant | 32 |  | 
| Footman | 9 |  | 
| Sorceress | 2 |  | 
                43 total
 » buildings
                
                | Farm | 8 |  | 
| Altar of Kings | 1 |  | 
| Barracks | 1 |  | 
| Keep | 6 |  | 
| Arcane Vault | 1 |  | 
| Arcane Sanctum | 1 |  | 
| Castle | 3 |  | 
| Blacksmith | 1 |  | 
                22 total
 » build order
                00:07 Farm
00:08 Altar of Kings
00:20 Farm
00:33 Barracks
01:42 Farm
02:11 Farm
03:01 Keep
03:01 Keep
03:02 Keep
03:02 Keep
03:04 Farm
04:00 Arcane Vault
04:17 Farm
04:19 Farm
05:25 Arcane Sanctum
07:11 Farm
07:31 Castle
07:31 Castle
07:31 Castle
08:48 Blacksmith
» items
                
                | Scroll of Regeneration | 1 |  | 
| Potion of Healing | 1 |  | 
                2 total
  
               team 2 (winner) 
              
              
» 
timg4strOK (
purple | 146 APM | 1314 actions | 09:00)
              
 2 Dreadlord 
 1 Sleep
 1 Vampiric Aura
 1 Death Knight 
 1 Death Coil
 
                » actions 
                
                | Assign group hotkey | 17 |  | 
| Basic commands | 68 |  | 
| Build / train | 22 |  | 
| Enter build submenu | 9 |  | 
| Enter hero's abilities submenu | 3 |  | 
| Right click | 750 |  | 
| Select / deselect | 120 |  | 
| Select group hotkey | 290 |  | 
| Use ability | 35 |  | 
                1314 total
 » units 
                
                | Acolyte | 2 |  | 
| Ghoul | 8 |  | 
| Obsidian Statue | 1 |  | 
                11 total
 » buildings
                
                | Crypt | 1 |  | 
| Altar of Darkness | 1 |  | 
| Ziggurat | 4 |  | 
| Tomb of Relics | 1 |  | 
| Halls of the Dead | 1 |  | 
| Graveyard | 1 |  | 
| Black Citadel | 1 |  | 
| Slaughterhouse | 2 |  | 
| Nerubian Tower | 1 |  | 
| Spirit Tower | 1 |  | 
                14 total
 » build order
                00:05 Crypt
00:09 Altar of Darkness
00:22 Ziggurat
00:54 Tomb of Relics
01:18 Ziggurat
03:56 Halls of the Dead
04:26 Ziggurat
04:31 Graveyard
06:52 Black Citadel
06:56 Slaughterhouse
06:56 Slaughterhouse
07:15 Ziggurat
07:31 Nerubian Tower
07:32 Spirit Tower
» items
                 
                Chat log
          
(01:00 / All) Jazz_Master.: gl
(01:03 / All) timg4strOK: gl hf
(08:59 / All) Jazz_Master.: fuck noob